 Dungeon Crawl Stone Soup version 0.24-a0-235-g3f03afc (webtiles) character file.

Game seed: 15679758935735171791

5497 Ijustatesigmund the Cleaver (level 10, -2/73 HPs)
             Began as an Octopode Fighter on Apr 5, 2019.
             Was a Priest of Cheibriados.
             Splashed by an orc priest's acid (10 damage)
             ... on level 9 of the Dungeon.
             The game lasted 00:19:18 (9528 turns).

Ijustatesigmund the Cleaver (Octopode Fighter)      Turns: 9528, Time: 00:19:20

Health: -2/73      AC: -1    Str: 23    XL:     10   Next: 69%
Magic:  15/15      EV: 15    Int: 17    God:    Cheibriados [***...]
Gold:   259        SH: 14    Dex: 20    Spells: 8/9 levels left

rFire    . . .     SeeInvis .   l - +2 hand axe (flame)
rCold    . . .     Gourm    .   b - +3 shield
rNeg     . . .     Faith    .   (helmet restricted)
rPois    .         Spirit   .   (no amulet)
rElec    .         Reflect  .   e - +2 ring of protection
rCorr    .         Harm     .   (no ring)
MR       +....                  (no ring)
Stlth    +++.......             (no ring)
HPRegen  0.22/turn              (no ring)
MPRegen  0.14/turn              (no ring)
                                (no ring)
                                (no ring)

@: corroded, very slow
A: almost no armour, stealthy swim, amphibious, 8 rings, constrict 8, tentacle
spike 1, camouflage 1, blink, clumsy 1, magic resistance 1, gelatinous body 1
a: Blink, Bend Time, Temporal Distortion, Renounce Religion


You were on level 9 of the Dungeon.
You worshipped Cheibriados.
Cheibriados was most pleased with you.
You were not hungry.

You visited 2 branches of the dungeon, and saw 10 of its levels.

You collected 391 gold pieces.
You spent 132 gold pieces at shops.

Inventory:

Hand Weapons
 a - a +0 war axe
 k - a +2 hand axe of chopping
 l - a +2 hand axe of flaming (weapon)
Missiles
 s - 3 steel javelins (quivered)
Armour
 b - a +3 shield (worn)
Jewellery
 e - a +2 ring of protection (left tentacle)
Wands
 c - a wand of polymorph (37)
 m - a wand of disintegration (11)
 o - a wand of digging (8)
 r - a wand of iceblast (10)
Scrolls
 f - 3 scrolls of magic mapping
 g - 2 scrolls of remove curse
 j - 6 scrolls of identify
 n - 3 scrolls of enchant weapon
Potions
 h - 3 potions of flight
 i - a potion of agility
 p - 5 potions of curing
 q - a potion of heal wounds
Comestibles
 d - 13 rations


   Skills:
 + Level 8.9 Fighting
 + Level 9.3 Axes
 + Level 5.7 Dodging
 + Level 5.8 Shields
 + Level 1.2 Conjurations
 + Level 7.0 Invocations


You had 8 spell levels left.
You knew the following spells:

 Your Spells              Type           Power        Failure   Level  Hunger
a - Magic Dart            Conj           #...         41%         1    ##.....

Your spell library contained the following spells:

 Spells                   Type           Power        Failure   Level  Hunger
 Flame Tongue             Conj/Fire      #....        52%         1    ##.....
 Animate Skeleton         Necr           N/A          58%         1    ##.....
 Confusing Touch          Hex            #.....       58%         1    ##.....
 Infusion                 Chrm           #...         58%         1    ##.....
 Pain                     Necr           #...         58%         1    ##.....
 Throw Flame              Conj/Fire      #.....       65%         2    ###....
 Blink                    Tloc           N/A          75%         2    ###....
 Call Imp                 Summ           #.......     75%         2    ###....
 Shroud of Golubria       Chrm/Tloc      #.........   75%         2    ###....
 Slow                     Hex            #.......     75%         2    ###....
 Song of Slaying          Chrm           #.......     75%         2    ###....
 Conjure Flame            Conj/Fire      #.......     87%         3    ####...
 Mephitic Cloud           Conj/Pois/Air  #.......     89%         3    ####...
 Confuse                  Hex            #.......     92%         3    ####...
 Gell's Gravitas          Tloc           #.........   92%         3    ####...
 Inner Flame              Hex/Fire       #.......     92%         3    ####...
 Regeneration             Chrm/Necr      #.........   92%         3    ####...
 Spectral Weapon          Hex/Chrm       #.......     92%         3    ####...
 Vampiric Draining        Necr           #.........   92%         3    ####...
 Sticky Flame             Conj/Fire      #.......     99%         4    #####..
 Animate Dead             Necr           N/A          100%        4    #####..
 Petrify                  Tmut/Erth      #.......     100%        4    #####..
 Fireball                 Conj/Fire      #.........   100%        5    ######.
 Metabolic Englaciation   Hex/Ice        #.........   100%        5    ######.
 Yara's Violent Unravell  Hex/Tmut       #.........   100%        5    ######.


Dungeon Overview and Level Annotations

Branches:
Dungeon (9/15)             Temple (1/1) D:5
   Lair: D:8-11         Orc: D:9-12

Altars:
Ashenzari
Cheibriados
Dithmenos
Elyvilon
Fedhas
Gozag
Hepliaklqana
Kikubaaqudgha
Makhleb
Nemelex Xobeh
Okawaru
Qazlal
Ru
Sif Muna
Trog
Uskayaw
Vehumet
Wu Jian
Xom
Yredelemnul
Zin
The Shining One

Shops:
D:5 (


Innate Abilities, Weirdness & Mutations

You cannot wear most types of armour.
You are very stealthy in the water. (Stealth+)
You are amphibious.
You can wear up to eight rings at the same time.
You can use your tentacles to constrict eight enemies at once.
Your skin changes colour to match your surroundings (Stealth+).
Your rubbery body absorbs attacks. (AC +1, EV +1)
One of your tentacles bears a spike.
You can translocate small distances at will.
You are clumsy. (Dex -2)
You are resistant to hostile enchantments. (MR+)


Message History

Your shield prevents you from hitting the killer bee.
You grab the killer bee.
You pierce the killer bee.
You squeeze the killer bee.
The killer bee is almost dead.
You constrict the killer bee.
You kill the killer bee!
Cheibriados thoroughly appreciates the change of pace.
Cheibriados raises the support of your attributes as your movement slows.
Your Invocations skill increases to level 7!
You see here a killer bee corpse.
You see here a killer bee corpse.
There is a stone staircase leading down here.
You climb downwards.
The orc priest zaps a wand.
The bolt of acid hits you! The acid corrodes you!
You are splashed with acid!
The orc priest zaps a wand.
The bolt of acid misses you.
The orc throws a stone.
You block the stone.
There is a stone staircase leading up here.
You see here a stone.
The orc priest zaps a wand.
The bolt of acid hits you!!
* * * LOW HITPOINT WARNING * * *
You are splashed with acid!
You die...

############## #
#............#####
#@.o.........##...
#............#..##
#............#.###
#............#.# #
#...........(..# #
#o.....[.(<.(### #
#........[.†(#
######(#######
#.))ooZo#


You could see an orc priest and an orc.

Vanquished Creatures
  2 two-headed ogres (D:8)
  The ghost of Ijustatesigmund the Chopper, a novice OpFi of Cheibriados (D:7)
  Pikel (D:7)
  A hippogriff (D:7)
  Sigmund (D:6)
  A spriggan (D:7)
  A water moccasin (D:8)
  A black bear (D:9)
  2 ice beasts
  An orc warrior (D:9)
  2 slaves (D:7)
  3 ogres
  A centaur (D:8)
  3 big kobolds
  5 bullfrogs
  Blork the orc (D:5)
  6 killer bees
  A howler monkey (D:6)
  4 crimson imps
  A jelly (D:7)
  3 hounds
  A bullfrog skeleton (D:3)
  2 orc priests
  2 centaur skeletons
  6 worker ants
  5 orc wizards
  An iguana (D:8)
  A hound skeleton (D:5)
  Robin (D:4)
  14 adders
  5 gnolls
  A shadow imp (D:8)
  3 oozes
  3 adder skeletons
  2 worms
  4 dart slugs
  4 leopard geckos
  25 orcs
  4 ball pythons
  6 giant cockroaches
  2 gnoll zombies (D:7)
  15 goblins
  7 hobgoblins
  3 jackals (D:3)
  19 kobolds
  4 quokkas
  7 bats
  3 frilled lizards
  2 jackal skeletons
  A leopard gecko skeleton (D:9)
  A leopard gecko zombie (D:6)
  7 rats
203 creatures vanquished.

Vanquished Creatures (others)
  A slave (D:7)
  A worker ant (D:7)
2 creatures vanquished.

Grand Total: 205 creatures vanquished

Notes
Turn   | Place    | Note
-------+----------+-------------------------------------------
     0 | D:1      | Ijustatesigmund the Octopode Fighter began the quest for
                  | the Orb.
     0 | D:1      | Reached XP level 1. HP: 16/16 MP: 1/1
   259 | D:1      | Reached XP level 2. HP: 21/21 MP: 2/2
   374 | D:1      | You fall through a shaft!
   484 | D:2      | Reached XP level 3. HP: 26/26 MP: 3/3
  1033 | D:2      | Reached skill level 3 in Axes
  1092 | D:2      | Reached XP level 4. HP: 27/31 MP: 4/4
  1095 | D:2      | Found a sacrificial altar of Ru.
  1105 | D:2      | Noticed an angel
  1106 | D:2      | Found a glowing silver altar of Zin.
  1618 | D:3      | Reached XP level 5. HP: 33/36 MP: 5/5
  2065 | D:3      | Gained mutation: You are clumsy. (Dex -2) [potion of
                  | mutation]
  2065 | D:3      | Gained mutation: You are resistant to hostile enchantments.
                  | (MR+) [potion of mutation]
  2065 | D:3      | Gained mutation: You can translocate small distances at
                  | will. [potion of mutation]
  2065 | D:3      | Gained mutation: One of your tentacles bears a spike.
                  | [potion of mutation]
  2173 | D:3      | Reached skill level 4 in Axes
  2173 | D:3      | Reached XP level 6. HP: 27/43 MP: 6/6
  2553 | D:3      | You fall through a shaft!
  2645 | D:4      | Noticed Robin
  2658 | D:4      | Killed Robin
  2880 | D:4      | Noticed Blork the orc
  3191 | D:4      | Found a burning altar of Makhleb.
  3192 | D:4      | Found a radiant altar of Vehumet.
  3207 | D:4      | Found a stormy altar of Qazlal.
  3269 | D:5      | Entered Level 5 of the Dungeon
  3444 | D:5      | Killed Blork the orc
  3444 | D:5      | Reached XP level 7. HP: 49/49 MP: 7/7
  3574 | D:4      | Reached skill level 5 in Axes
  3619 | D:4      | Found a shimmering altar of Xom.
  3745 | D:4      | Found a bloodstained altar of Trog.
  4488 | D:6      | Noticed Sigmund
  4494 | D:6      | Killed Sigmund
  4494 | D:6      | Reached skill level 5 in Fighting
  4513 | D:6      | Found an iron altar of Okawaru.
  4649 | D:6      | Reached XP level 8. HP: 55/55 MP: 8/8
  4678 | D:6      | Reached skill level 6 in Axes
  4758 | D:6      | Found a blossoming altar of Fedhas.
  5587 | D:5      | Found Emixis's Antique Weapon Boutique.
  5593 | D:5      | Bought a glowing hand axe for 132 gold pieces
  5642 | D:5      | Found a staircase to the Ecumenical Temple.
  5662 | Temple   | Entered the Ecumenical Temple
  5670 | Temple   | Became a worshipper of Cheibriados the Contemplative
  5800 | D:5      | Reached skill level 1 in Invocations
  6005 | D:7      | Found a sparkling altar of Nemelex Xobeh.
  6134 | D:7      | Reached skill level 7 in Axes
  6540 | D:7      | Noticed a spriggan baker
  6543 | D:7      | Killed a spriggan baker
  6543 | D:7      | Reached XP level 9. HP: 50/63 MP: 11/11
  6674 | D:7      | Reached * piety under Cheibriados
  6713 | D:7      | Found a shattered altar of Ashenzari.
  6828 | D:7      | Noticed Pikel
  7113 | D:7      | Killed Pikel
  7267 | D:7      | Reached skill level 8 in Axes
  7307 | D:7      | Found a runed translucent gate.
  7307 | D:7      | Found a runed translucent gate.
  7307 | D:7      | Found a runed translucent gate.
  7308 | D:7      | Noticed Ijustatesigmund's ghost (novice OpFi)
  7334 | D:7      | Killed Ijustatesigmund's ghost
  7334 | D:7      | Reached skill level 5 in Invocations
  7628 | D:7      | Found a basalt altar of Yredelemnul.
  7896 | D:8      | Noticed a two-headed ogre
  7901 | D:8      | Killed a two-headed ogre
  7901 | D:8      | Reached skill level 5 in Dodging
  7901 | D:8      | Reached skill level 5 in Shields
  7901 | D:8      | Reached XP level 10. HP: 73/73 MP: 14/14
  8208 | D:8      | Reached ** piety under Cheibriados
  8470 | D:8      | Found a shimmering altar of Xom.
  8570 | D:8      | Noticed a two-headed ogre
  8581 | D:8      | Killed a two-headed ogre
  8581 | D:8      | Reached skill level 9 in Axes
  8723 | D:8      | Learned a level 1 spell: Magic Dart
  9235 | D:9      | Reached skill level 1 in Conjurations
  9288 | D:9      | Reached *** piety under Cheibriados
  9528 | D:9      | Splashed by an orc priest's acid

Levels and vault maps discovered:
D:1:      sevenhm_arrival_forest_fort_large_2, layout_basic
D:2:      layout_rooms, lemuel_crystal_altar, zin_angel
D:3:      layout_basic, first_ration
D:4:      layout_cave_pools, grunt_temple_overflow_lords_of_destruction,
          old_standard_altar, lightli_temple_of_fire, kennysheep_crisscross,
          grunt_qazlal_clouds, uniq_blork_the_orc, uniq_robin
D:5:      layout_loops_corners, minmay_temple_entry_statues_pillars,
          serial_shops, shop, corexii_corridor_pit, st_stairs_6
D:6:      layout_gridville, overflow_temple_1_default, fedhas_ov_isle_minmay,
          uniq_sigmund
D:7:      layout_loops_ring, cheibrodos_ashenzari_chains,
          lemuel_zombie_altar_yredelemnul, ebering_ghost_rock_garden,
          the_bakery, nemelex_dance_club_becter, uniq_pikel
D:8:      layout_loops_ring, basic_altar, minmay_chambers_of_fives
D:9:      layout_roguey, hiddenorc1_lemuel
Temple:   nicolae_temple_no_exploring_needed

Skill      XL: |  1  2  3  4  5  6  7  8  9 10 |
---------------+-------------------------------+-----
Axes           | 3 4 5 7 8 9 |  9.3
Fighting       | 4 5 6 8 |  8.9
Shields        | 4 5 |  5.8
Dodging        | 4 5 |  5.7
Invocations    | 3 6 7 |  7.0
Conjurations   | 1 |  1.2

Action                   |  1- 3 |  4- 6 |  7- 9 | 10-12 || total
-------------------------+-------+-------+-------+-------++-------
Melee: War axe           |    48 |       |       |       ||    48
       Constrict         |    16 |    23 |    37 |    26 ||   102
       Tentacles         |     8 |    18 |    32 |    26 ||    84
       Hand axe          |     1 |   109 |   170 |    82 ||   362
       Kick              |       |    13 |    63 |    34 ||   110
 Abil: Blink             |       |       |     2 |     4 ||     6
Evoke: Wand              |       |       |     7 |     8 ||    15
  Use: Potion            |     1 |     3 |     2 |       ||     6
       Scroll            |     2 |    13 |     4 |     2 ||    21
 Stab: Sleeping          |     4 |     7 |     6 |     1 ||    18
  Eat: Chunk             |       |     8 |     5 |       ||    13
       Ration            |       |       |     2 |     1 ||     3
Armor: Skin              |     2 |     4 |     8 |     3 ||    17
Dodge: Dodged            |    23 |    42 |    56 |    42 ||   163
Block: Shield            |    21 |    54 |    88 |    78 ||   241

Table legend:
 A = Non-vault XP
 B = Vault XP
 C = Vault XP percentage of total XP
 D = Non-vault monster count
 E = Vault monster count
 F = Vault count percentage of total count
                 A         B        C        D         E       F
            +---------+---------+-------+---------+---------+-------
      Total |    4530 |    3323 |  42.3 |     162 |      39 |  19.4
            +---------+---------+-------+---------+---------+-------
        D:1 |      14 |       0 |   0.0 |       9 |       0 |   0.0
        D:2 |     104 |       0 |   0.0 |      28 |       0 |   0.0
        D:3 |     268 |       0 |   0.0 |      34 |       0 |   0.0
        D:4 |     319 |      87 |  21.4 |      16 |      13 |  44.8
        D:5 |     251 |      91 |  26.6 |       8 |       1 |  11.1
        D:6 |     339 |     227 |  40.1 |       8 |       1 |  11.1
        D:7 |     859 |    1690 |  66.3 |      29 |       7 |  19.4
        D:8 |    1821 |    1071 |  37.0 |      18 |       7 |  28.0
        D:9 |     555 |     157 |  22.1 |      12 |      10 |  45.5
            +---------+---------+-------+---------+---------+-------
